 Dungeon Crawl Stone Soup version 0.29.0-4-gdea44cf6ec (webtiles) character file.

Game seed: 15190690417231559831

8570 qw the Severer (level 11, -2/97 HPs)
             Began as a Minotaur Berserker on Sept 6, 2022.
             Was an Elder of Trog.
             Slain by a yak (7 damage)
             ... on level 1 of the Lair of Beasts.
             The game lasted 00:03:12 (8587 turns).

qw the Severer (Minotaur Berserker)                 Turns: 8587, Time: 00:03:13

Health: -2/97      AC: 24    Str: 26    XL:     11   Next: 11%
Magic:  10/10      EV:  8    Int:  4    God:    Trog [****..]
Gold:   181        SH:  0    Dex: 10    Spells: 10/10 levels left

rFire   . . .      SeeInvis +   Y - +0 war axe
rCold   . . .      Faith    .   (no shield)
rNeg    . . .      Spirit   .   b - +2 plate armour
rPois   .          Reflect  .   (helmet restricted)
rElec   .          Harm     +   (no cloak)
rCorr   +          Rampage  .   l - +2 pair of gloves
Will    .....                   a - +4 pair of boots "Nuim" {Harm Drain Regen+ SInv}
Stlth   ..........              (no amulet)
HPRegen 1.06/turn               j - ring of resist corrosion
MPRegen 0.12/turn               (no ring)

@: lethally poisoned (-2 -> -9), about to teleport, marked, on berserk cooldown,
slowed, very slow
A: horns 2, retaliatory headbutt
a: Renounce Religion, Berserk, Trog's Hand, Brothers in Arms


You were on level 1 of the Lair of Beasts.
You worshipped Trog.
Trog was greatly pleased with you.
You visited 2 branches of the dungeon, and saw 9 of its levels.
You also visited: Sewer.

You collected 519 gold pieces.
You spent 338 gold pieces at shops.


Innate Abilities, Weirdness & Mutations

You have a pair of horns on your head.
You reflexively headbutt those who attack you in melee.


   Skills:
 - Level 9.1 Fighting
 + Level 15.8 Axes
 - Level 4.1 Throwing
 - Level 8.4 Armour
 - Level 4.6 Dodging


You had 10 spell levels left.
You didn't know any spells.
Your spell library was empty.

Inventory:

Hand Weapons
 m - a +0 morningstar
 Y - a +0 war axe (weapon)
Missiles
 d - 5 boomerangs
 g - a silver javelin (quivered)
Armour
 a - the +4 pair of boots "Nuim" (worn) {Harm Drain Regen+ SInv}
   (You acquired it on level 4 of the Dungeon)

   SInv:      It lets you see invisible.
   Regen:     It increases your rate of health regeneration.
   Drain:     It drains your maximum health when unequipped.
   Harm:      It increases damage dealt and taken.
 b - a +2 plate armour (worn)
 l - a +2 pair of gloves (worn)
Jewellery
 f - a ring of ice
 j - a ring of resist corrosion (left hand)
 k - a ring of ice
Scrolls
 c - a scroll of identify
Potions
 i - a potion of mutation
 n - 2 potions of cancellation
 p - a potion of resistance {unknown}
 q - a potion of invisibility {unknown}

Dungeon Overview and Level Annotations

Branches:
Dungeon (8/15)             Temple (0/1) D:7            Lair (1/5) D:8
  Sewer (visited)

Altars:
Dithmenos
Gozag
Kikubaaqudgha
Nemelex Xobeh
Okawaru
Ru
Vehumet
Zin

Shops:
D:4 [   D:6 (:=   D:8 [

Annotations:
D:3 1 runed translucent door, Crazy Yiuf
D:8 2 transporters, qw's ghost, novice GrFi
Lair:1 Amaemon


Message History

You feel very sick. The orange demon barely misses you.
You furiously retaliate!
You headbutt the orange demon!
You kill the orange demon!
Trog accepts your kill. The yak gores you but does no damage.
Amaemon hits you but does no damage.
You are more poisoned.
Amaemon claws you but does no damage.
Amaemon tail-slaps you but does no damage.
The yak closely misses you. Amaemon hits you but does no damage.
You are more poisoned.
Amaemon claws you but does no damage.
Amaemon tail-slaps you but does no damage.
You hit the yak. You headbutt the yak, but do no damage.
The yak is heavily wounded.
You slash Amaemon!
You feel extremely sick. Amaemon hits you but does no damage.
You are more poisoned.
Amaemon claws you but does no damage.
Amaemon tail-slaps you but does no damage.
The yak closely misses you.
You hit Amaemon.
Amaemon is heavily wounded.
You hit the yak but do no damage.
You feel extremely sick. The yak gores you!
Amaemon hits you but does no damage. Amaemon barely misses you.
Amaemon closely misses you.
8586 ||| READING scroll of teleportation.
As you read the scroll of teleportation, it crumbles to dust.
You feel strangely unstable.
You feel extremely sick. The yak gores you but does no damage.
Amaemon mumbles some strange words.
You closely miss Amaemon.
Amaemon is heavily wounded.
You slash the yak!
You feel very sick. The yak gores you.
You die...

...........# ....#
....##....###...#
#...###.........# .
#...# #b........# ..
#....##...#....P## P..
#.#.###....P.....# .P..
#..## #...#....s.##.P..#
#.#####..?#%.%.%.6..$...
#....#.#...#...b@.$(.P..
P.<..##....##%.#%Y.(....
....####....####........
.#..## ##... ###......
#..%.## .#. ##.###
#.....###.# ##
####...### # #..)..# ##
##....#


You could see Amaemon, a yak and a scorpion (summoned).

Vanquished Creatures
  A hydra (Lair:1)
  Sonja (Lair:1)
  A cane toad (Lair:1)
  An orange demon (Lair:1)
  Grinder (D:3)
  Sigmund (D:3)
  A wraith (D:7)
  2 wyverns
  5 yaks
  A steam dragon (D:8)
  Menkaure (D:6)
  6 water moccasins
  6 black bears
  3 ice beasts
  An orc warrior (D:6)
  An ogre (D:5)
  A centaur (D:8)
  6 wolves (Lair:1)
  A kobold brigand (Sewer)
  5 bullfrogs
  A gnoll sergeant (D:8)
  3 necrophages
  3 scorpions
  3 howler monkeys (D:7)
  3 jellies
  3 gnoll boudas
  An orc priest (D:5)
  3 hounds
  4 iguanas
  Ijyb (D:4)
  Natasha (D:4)
  6 orc wizards
  Robin (D:4)
  5 river rats (Sewer)
  4 adders
  15 gnolls
  2 shadow imps
  2 white imps (D:7)
  2 ufetubi
  2 dart slugs (D:1)
  28 orcs
  6 endoplasms
  7 giant cockroaches
  11 goblins
  6 hobgoblins
  8 jackals
  6 kobolds
  4 quokkas
  11 ball pythons
  5 bats
  8 frilled lizards
  5 rats
216 creatures vanquished.

Vanquished Creatures (collateral kills)
  A hydra (Lair:1)
1 creature vanquished.

Vanquished Creatures (others)
  Erica (D:8)
  39 fungi
  56 plants
96 creatures vanquished.

Grand Total: 313 creatures vanquished

Notes
Turn   | Place    | Note
-------+----------+-------------------------------------------
     0 | D:1      | qw the Minotaur Berserker began the quest for the Orb.
     0 | D:1      | Reached XP level 1. HP: 19/19 MP: 0/0
     0 | D:1      | 0 ||| qw: Version: 0.1-a-107-g9ff403c
     0 | D:1      | 0 ||| qw: Game counter: 6141
     0 | D:1      | 0 ||| qw: Always use a shield: true
     0 | D:1      | 0 ||| qw: Do Orc after D:15 true
     0 | D:1      | 0 ||| qw: Do second Lair branch before Depths: true
     0 | D:1      | 0 ||| qw: Lair rune preference: random
     0 | D:1      | 0 ||| qw: Plans: Normal
     0 | D:1      | 0 ||| PLANNING D:1-11
    83 | D:1      | 83 ||| Stepping ~*~*~tactically~*~*~ (hiding).
    91 | D:1      | Reached skill level 4 in Axes
   150 | D:1      | Reached XP level 2. HP: 26/26 MP: 1/1
   282 | D:1      | 282 ||| Stepping ~*~*~tactically~*~*~ (hiding).
   283 | D:1      | 283 ||| Stepping ~*~*~tactically~*~*~ (hiding).
   286 | D:1      | 286 ||| INVOKING Berserk.
   630 | D:1      | Reached skill level 5 in Axes
   740 | D:1      | 740 ||| UPGRADING to +0 leather armour.
   750 | D:1      | 750 ||| DROPPING +0 animal skin.
   751 | D:1      | 751 ||| DROPPING amulet of magic regeneration.
   752 | D:1      | 752 ||| READING 3 scrolls labelled DOESITITERU.
   753 | D:1      | 753 ||| READING 2 scrolls labelled ROINA MAZA.
   754 | D:1      | 754 ||| DRINKING 2 bubbling inky potions.
   773 | D:1      | 773 ||| DROPPING 2 scrolls of fog.
   774 | D:1      | 774 ||| DROPPING potion of lignification.
   794 | D:2      | Reached XP level 3. HP: 31/31 MP: 2/2
  1258 | D:2      | 1258 ||| Stepping ~*~*~tactically~*~*~ (stealth).
  1272 | D:2      | Found a sacrificial altar of Ru.
  1655 | D:2      | Found a faded altar of an unknown god.
  1689 | D:2      | 1689 ||| UPGRADING to +0 ring mail.
  1699 | D:2      | 1699 ||| UPGRADING to +0 plate armour.
  1709 | D:2      | 1709 ||| DROPPING +0 ring mail.
  1710 | D:2      | 1710 ||| DROPPING +0 leather armour.
  1711 | D:2      | 1711 ||| READING scroll of enchant armour.
  1711 | D:2      | 1711 ||| ENCHANTING +0 plate armour.
  1712 | D:2      | 1712 ||| READING 5 scrolls labelled HOP FERGHON.
  1713 | D:2      | 1713 ||| READING 4 scrolls of identify.
  1713 | D:2      | 1713 ||| IDENTIFYING metallic puce potion
  1714 | D:2      | 1714 ||| READING 3 scrolls of identify.
  1714 | D:2      | 1714 ||| IDENTIFYING golden potion
  1742 | D:3      | 1742 ||| PLANNING SEWER
  1754 | D:3      | Found a glowing drain.
  1783 | Sewer    | Entered a sewer
  1792 | Sewer    | Reached skill level 6 in Axes
  1792 | Sewer    | Reached XP level 4. HP: 39/39 MP: 3/3
  1794 | Sewer    | 1794 ||| Stepping ~*~*~tactically~*~*~ (stealth).
  1800 | Sewer    | Reached ** piety under Trog
  1971 | Sewer    | 1971 ||| Stepping ~*~*~tactically~*~*~ (stealth).
  2045 | Sewer    | 2045 ||| Stepping ~*~*~tactically~*~*~ (water).
  2184 | Sewer    | Noticed a kobold brigand
  2211 | Sewer    | Killed a kobold brigand
  2212 | Sewer    | Reached skill level 7 in Axes
  2212 | Sewer    | Reached XP level 5. HP: 27/45 MP: 4/4
  2594 | Sewer    | 2594 ||| READING scroll of enchant armour.
  2594 | Sewer    | 2594 ||| ENCHANTING +1 plate armour.
  2626 | Sewer    | Reached skill level 3 in Armour
  2726 | Sewer    | 2726 ||| READING scroll labelled DOAF REZAX.
  2727 | Sewer    | 2727 ||| READING scroll labelled QOIBBUGEOM.
  2728 | Sewer    | 2728 ||| READING scroll labelled KIETUN VAM.
  2774 | D:3      | 2774 ||| PLANNING D:1-11
  2857 | D:3      | 2857 ||| Stepping ~*~*~tactically~*~*~ (stealth).
  2859 | D:3      | 2859 ||| Stepping ~*~*~tactically~*~*~ (stealth).
  2866 | D:3      | Noticed Sigmund
  2870 | D:3      | 2870 ||| INVOKING Berserk.
  2889 | D:3      | 2889 ||| DRINKING potion of curing.
  2889 | D:3      | 2889 ||| (to cure confusion)
  2892 | D:3      | Killed Sigmund
  2893 | D:3      | Reached XP level 6. HP: 56/56 MP: 5/5
  3006 | D:3      | Found a shadowy altar of Dithmenos.
  3068 | D:3      | Found a runed translucent door.
  3069 | D:3      | Noticed Crazy Yiuf
  3150 | D:3      | Noticed Grinder
  3151 | D:3      | 3151 ||| INVOKING Trog's Hand.
  3154 | D:3      | 3154 ||| INVOKING Berserk.
  3162 | D:3      | Killed Grinder
  3163 | D:3      | Reached skill level 8 in Axes
  3163 | D:3      | Reached XP level 7. HP: 61/61 MP: 6/6
  3310 | D:3      | Found a radiant altar of Vehumet.
  3448 | D:3      | 3448 ||| Stepping ~*~*~tactically~*~*~ (stealth).
  3449 | D:3      | 3449 ||| Stepping ~*~*~tactically~*~*~ (stealth).
  3702 | D:3      | 3702 ||| READING scroll labelled XUP MUGIAZ PAO.
  3826 | D:4      | 3826 ||| Stepping ~*~*~tactically~*~*~ (hiding).
  3828 | D:4      | 3828 ||| INVOKING Berserk.
  3837 | D:4      | Noticed Robin
  3848 | D:4      | Reached skill level 9 in Axes
  3850 | D:4      | Killed Robin
  4112 | D:4      | 4112 ||| Stepping ~*~*~tactically~*~*~ (stealth).
  4122 | D:4      | Reached *** piety under Trog
  4135 | D:4      | 4135 ||| DROPPING +0 mace.
  4217 | D:4      | Found an opulent altar of Gozag.
  4301 | D:4      | Found Hiqa Zyttos's Armour Shop.
  4307 | D:4      | Noticed Ijyb
  4308 | D:4      | 4308 ||| INVOKING Berserk.
  4318 | D:4      | Killed Ijyb
  4549 | D:4      | 4549 ||| BUYING +0 pair of gloves (63 gold).
  4549 | D:4      | Bought a +0 pair of gloves for 63 gold pieces
  4619 | D:4      | 4619 ||| Stepping ~*~*~tactically~*~*~ (stealth).
  4622 | D:4      | 4622 ||| Stepping ~*~*~tactically~*~*~ (stealth).
  4623 | D:4      | 4623 ||| Stepping ~*~*~tactically~*~*~ (stealth).
  4625 | D:4      | 4625 ||| Stepping ~*~*~tactically~*~*~ (stealth).
  4634 | D:4      | 4634 ||| SWAPPING to +0 war axe.
  4639 | D:4      | 4639 ||| DROPPING +0 hand axe of protection.
  4641 | D:4      | 4641 ||| Stepping ~*~*~tactically~*~*~ (stealth).
  4738 | D:4      | Noticed Natasha
  4739 | D:4      | 4739 ||| INVOKING Berserk.
  4741 | D:4      | Killed Natasha
  4865 | D:4      | 4865 ||| UPGRADING to +0 pair of gloves.
  4870 | D:4      | 4870 ||| READING scroll labelled PIQIHE UMIY.
  4871 | D:4      | 4871 ||| READING scroll labelled TEOPLU RINTESH.
  4871 | D:4      | Identified a scroll of acquirement
  4871 | D:4      | 4871 ||| ACQUIRING +4 pair of boots "Nuim" {Harm Drain
                  | Regen+ SInv}
  4871 | D:4      | Acquired the +4 pair of boots "Nuim" {Harm Drain Regen+
                  | SInv}
  4873 | D:4      | 4873 ||| UPGRADING to +4 pair of boots "Nuim" {Harm Drain
                  | Regen+ SInv}.
  4878 | D:4      | 4878 ||| DRINKING 2 pink potions.
  4879 | D:4      | 4879 ||| READING 3 scrolls of identify.
  4879 | D:4      | 4879 ||| IDENTIFYING smoky grey potion
  4880 | D:4      | 4880 ||| READING 2 scrolls of identify.
  4880 | D:4      | 4880 ||| IDENTIFYING fizzy white potion
  4881 | D:4      | 4881 ||| DROPPING potion of flight.
  4882 | D:4      | 4882 ||| DROPPING potion of berserk rage.
  4894 | D:5      | Entered Level 5 of the Dungeon
  4909 | D:5      | Found a sparkling altar of Nemelex Xobeh.
  4915 | D:5      | 4915 ||| READING scroll of enchant armour.
  4915 | D:5      | 4915 ||| ENCHANTING +0 pair of gloves.
  4936 | D:5      | 4936 ||| Stepping ~*~*~tactically~*~*~ (stealth).
  5041 | D:5      | 5041 ||| Stepping ~*~*~tactically~*~*~ (stealth).
  5050 | D:5      | 5050 ||| Stepping ~*~*~tactically~*~*~ (stealth).
  5053 | D:5      | 5053 ||| Stepping ~*~*~tactically~*~*~ (hiding).
  5055 | D:5      | 5055 ||| Stepping ~*~*~tactically~*~*~ (hiding).
  5067 | D:5      | Reached skill level 10 in Axes
  5072 | D:5      | 5072 ||| Stepping ~*~*~tactically~*~*~ (stealth).
  5073 | D:5      | 5073 ||| Stepping ~*~*~tactically~*~*~ (stealth).
  5074 | D:5      | 5074 ||| Stepping ~*~*~tactically~*~*~ (stealth).
  5075 | D:5      | 5075 ||| Stepping ~*~*~tactically~*~*~ (stealth).
  5091 | D:5      | 5091 ||| Stepping ~*~*~tactically~*~*~ (stealth).
  5093 | D:5      | 5093 ||| Stepping ~*~*~tactically~*~*~ (stealth).
  5099 | D:5      | 5099 ||| Stepping ~*~*~tactically~*~*~ (stealth).
  5101 | D:5      | 5101 ||| Stepping ~*~*~tactically~*~*~ (hiding).
  5106 | D:5      | 5106 ||| INVOKING Berserk.
  5112 | D:5      | Reached XP level 8. HP: 69/69 MP: 7/7
  5130 | D:5      | 5130 ||| Stepping ~*~*~tactically~*~*~ (stealth).
  5134 | D:5      | 5134 ||| Stepping ~*~*~tactically~*~*~ (stealth).
  5135 | D:5      | 5135 ||| Stepping ~*~*~tactically~*~*~ (stealth).
  5145 | D:5      | Reached skill level 6 in Fighting
  5162 | D:5      | 5162 ||| FLEEEEING.
  5163 | D:5      | 5163 ||| FLEEEEING.
  5164 | D:5      | 5164 ||| FLEEEEING.
  5167 | D:5      | 5167 ||| INVOKING Berserk.
  5176 | D:5      | 5176 ||| Stepping ~*~*~tactically~*~*~ (stealth).
  5178 | D:5      | 5178 ||| Stepping ~*~*~tactically~*~*~ (stealth).
  5180 | D:5      | 5180 ||| Stepping ~*~*~tactically~*~*~ (stealth).
  5181 | D:5      | 5181 ||| Stepping ~*~*~tactically~*~*~ (stealth).
  5301 | D:5      | 5301 ||| DROPPING +3 whip.
  5353 | D:5      | 5353 ||| Stepping ~*~*~tactically~*~*~ (stealth).
  5368 | D:5      | Found a glowing silver altar of Zin.
  5442 | D:5      | 5442 ||| INVOKING Berserk.
  5446 | D:5      | Reached skill level 11 in Axes
  5618 | D:5      | 5618 ||| READING 3 scrolls of identify.
  5618 | D:5      | 5618 ||| IDENTIFYING bubbling green potion
  5619 | D:5      | 5619 ||| DROPPING potion of magic.
  5636 | D:6      | Found Zept's Weapon Shoppe.
  5708 | D:6      | 5708 ||| Stepping ~*~*~tactically~*~*~ (stealth).
  5714 | D:6      | 5714 ||| INVOKING Berserk.
  5802 | D:6      | 5802 ||| Stepping ~*~*~tactically~*~*~ (stealth).
  5818 | D:6      | Reached skill level 1 in Throwing
  5847 | D:6      | Found Hiotoetelu's Jewellery Boutique.
  5860 | D:6      | 5860 ||| SHOPLISTING +4 ring of protection (396 gold, have
                  | 277).
  5860 | D:6      | 5860 ||| SHOPLISTING +6 ring of strength (396 gold, have
                  | 277).
  5860 | D:6      | 5860 ||| SHOPLISTING amulet of reflection (330 gold, have
                  | 277).
  5860 | D:6      | 5860 ||| SHOPLISTING amulet of regeneration (330 gold, have
                  | 277).
  5860 | D:6      | 5860 ||| BUYING ring of ice (275 gold).
  5860 | D:6      | Bought a ring of ice for 275 gold pieces
  5860 | D:6      | 5860 ||| SHOPLISTING ring of resist corrosion (220 gold,
                  | have 2).
  5910 | D:6      | Noticed Menkaure
  5914 | D:6      | 5914 ||| INVOKING Berserk.
  5915 | D:6      | Killed Menkaure
  5916 | D:6      | Reached skill level 12 in Axes
  6129 | D:6      | Found Zyczudo's Book Emporium.
  6169 | D:6      | 6169 ||| Stepping ~*~*~tactically~*~*~ (hiding).
  6178 | D:6      | 6178 ||| DRINKING potion of curing.
  6178 | D:6      | 6178 ||| (to cure confusion)
  6499 | D:6      | 6499 ||| DROPPING orb of energy.
  6500 | D:6      | 6500 ||| UPGRADING to ring of resist corrosion.
  6501 | D:6      | 6501 ||| READING 3 scrolls of identify.
  6501 | D:6      | 6501 ||| IDENTIFYING puce potion
  6549 | D:7      | 6549 ||| DROPPING +1 whip of electrocution.
  6562 | D:7      | 6562 ||| INVOKING Berserk.
  6679 | D:7      | 6679 ||| Stepping ~*~*~tactically~*~*~ (stealth).
  6680 | D:7      | 6680 ||| Stepping ~*~*~tactically~*~*~ (stealth).
  6684 | D:7      | Reached skill level 6 in Armour
  6684 | D:7      | Reached XP level 9. HP: 75/75 MP: 8/8
  6689 | D:7      | 6689 ||| Stepping ~*~*~tactically~*~*~ (hiding).
  6691 | D:7      | 6691 ||| Stepping ~*~*~tactically~*~*~ (hiding).
  6696 | D:7      | 6696 ||| Stepping ~*~*~tactically~*~*~ (stealth).
  6699 | D:7      | 6699 ||| Stepping ~*~*~tactically~*~*~ (stealth).
  6705 | D:7      | 6705 ||| Stepping ~*~*~tactically~*~*~ (stealth).
  6752 | D:7      | Found an ancient bone altar of Kikubaaqudgha.
  6770 | D:7      | Reached **** piety under Trog
  6781 | D:7      | 6781 ||| Stepping ~*~*~tactically~*~*~ (stealth).
  6840 | D:7      | Found a staircase to the Ecumenical Temple.
  6939 | D:7      | 6939 ||| Stepping ~*~*~tactically~*~*~ (hiding).
  6944 | D:7      | 6944 ||| INVOKING Berserk.
  6975 | D:7      | Reached skill level 13 in Axes
  7003 | D:7      | 7003 ||| Stepping ~*~*~tactically~*~*~ (stealth).
  7044 | D:7      | 7044 ||| Stepping ~*~*~tactically~*~*~ (stealth).
  7045 | D:7      | Found an iron altar of Okawaru.
  7512 | D:7      | 7512 ||| READING 2 scrolls labelled MUSUMMOTAO.
  7513 | D:7      | 7513 ||| READING 3 scrolls of identify.
  7513 | D:7      | 7513 ||| IDENTIFYING bubbling silvery potion
  7514 | D:7      | 7514 ||| READING 2 scrolls of identify.
  7514 | D:7      | 7514 ||| IDENTIFYING emerald potion
  7515 | D:7      | 7515 ||| DROPPING scroll of vulnerability.
  7516 | D:7      | 7516 ||| DROPPING potion of brilliance.
  7517 | D:7      | 7517 ||| DROPPING potion of degeneration.
  7605 | D:8      | 7605 ||| Stepping ~*~*~tactically~*~*~ (hiding).
  7606 | D:8      | 7606 ||| Stepping ~*~*~tactically~*~*~ (hiding).
  7607 | D:8      | 7607 ||| Stepping ~*~*~tactically~*~*~ (hiding).
  7608 | D:8      | 7608 ||| Stepping ~*~*~tactically~*~*~ (hiding).
  7622 | D:8      | 7622 ||| Stepping ~*~*~tactically~*~*~ (stealth).
  7623 | D:8      | 7623 ||| Stepping ~*~*~tactically~*~*~ (stealth).
  7625 | D:8      | 7625 ||| Stepping ~*~*~tactically~*~*~ (stealth).
  7662 | D:8      | 7662 ||| Stepping ~*~*~tactically~*~*~ (stealth).
  7665 | D:8      | 7665 ||| Stepping ~*~*~tactically~*~*~ (stealth).
  7667 | D:8      | 7667 ||| INVOKING Berserk.
  7675 | D:8      | Noticed Erica
  7691 | D:8      | Reached skill level 14 in Axes
  7693 | D:8      | Reached XP level 10. HP: 55/88 MP: 9/9
  7696 | D:8      | HP: 19/88 [Erica/+2 scimitar of flaming (7)]
  7697 | D:8      | 7697 ||| READING 3 scrolls of teleportation.
  7698 | D:8      | 7698 ||| DRINKING 4 potions of heal wounds.
  7699 | D:8      | 7699 ||| DRINKING 3 potions of heal wounds.
  7699 | D:8      | HP: 7/88 [Erica/bolt of poison (22)]
  7700 | D:8      | 7700 ||| DRINKING 2 potions of heal wounds.
  7701 | D:8      | 7701 ||| READING 2 scrolls of teleportation.
  7702 | D:8      | 7702 ||| DRINKING potion of heal wounds.
  7704 | D:8      | Found Higew's Armour Emporium.
  7706 | D:8      | Killed Erica
  7761 | D:8      | 7761 ||| Stepping ~*~*~tactically~*~*~ (stealth).
  7773 | D:8      | 7773 ||| READING scroll labelled APRUWK QUP HOL.
  7774 | D:8      | 7774 ||| READING 2 scrolls of identify.
  7774 | D:8      | 7774 ||| IDENTIFYING metallic pink potion
  7777 | D:8      | 7777 ||| SHOPLISTING +3 chain mail of poison resistance
                  | (352 gold, have 89).
  7819 | D:8      | Found a staircase to the Lair.
  7910 | D:8      | 7910 ||| READING scroll of enchant armour.
  7910 | D:8      | 7910 ||| ENCHANTING +1 pair of gloves.
  7915 | D:8      | 7915 ||| PLANNING LAIR
  7915 | D:8      | 7915 ||| DROPPING potion of attraction.
  7923 | D:8      | 7923 ||| Stepping randomly (cloudy).
  7924 | D:8      | 7924 ||| INVOKING Berserk.
  7927 | D:8      | Reached skill level 15 in Axes
  8052 | D:8      | Found a transporter.
  8055 | D:8      | Found a transporter.
  8057 | D:8      | Noticed qw's ghost (novice GrFi)
  8136 | Lair:1   | Entered Level 1 of the Lair of Beasts
  8136 | Lair:1   | Noticed a seven-headed hydra
  8137 | Lair:1   | 8137 ||| INVOKING Brothers in Arms.
  8139 | Lair:1   | 8139 ||| SWAPPING to +0 morningstar.
  8140 | Lair:1   | 8140 ||| INVOKING Berserk.
  8143 | Lair:1   | Killed a seven-headed hydra
  8144 | Lair:1   | Reached skill level 3 in Throwing
  8156 | Lair:1   | 8156 ||| SWAPPING to +0 war axe.
  8344 | Lair:1   | Noticed Sonja
  8355 | Lair:1   | Killed Sonja
  8356 | Lair:1   | Reached skill level 9 in Fighting
  8388 | Lair:1   | Noticed a seven-headed hydra
  8389 | Lair:1   | 8389 ||| INVOKING Brothers in Arms.
  8390 | Lair:1   | 8390 ||| INVOKING Brothers in Arms.
  8393 | Lair:1   | 8393 ||| SWAPPING to +0 morningstar.
  8394 | Lair:1   | 8394 ||| INVOKING Berserk.
  8396 | Lair:1   | Killed a seven-headed hydra
  8403 | Lair:1   | 8403 ||| SWAPPING to +0 war axe.
  8554 | Lair:1   | Noticed a cane toad
  8557 | Lair:1   | 8557 ||| INVOKING Berserk.
  8561 | Lair:1   | Killed a cane toad
  8570 | Lair:1   | Noticed an orange demon
  8573 | Lair:1   | Reached XP level 11. HP: 97/97 MP: 10/10
  8576 | Lair:1   | Noticed Amaemon
  8585 | Lair:1   | HP: 18/97 [yak (12)]
  8586 | Lair:1   | 8586 ||| READING scroll of teleportation.
  8587 | Lair:1   | HP: 5/97 [poisoned by Amaemon]
  8587 | Lair:1   | Slain by a yak

Levels and vault maps discovered:
D:1:      wander_arrival_peaceful_grave, layout_loops_ring
D:2:      layout_basic, shapermc_ecumenical_altar_pompeii, basic_altar,
          minmay_fountain_box, kennysheep_generic_room_12
D:3:      layout_loops_ring, mainiacjoe_overflow_boulevard,
          mainiacjoe_overflow_24_doors, portal_sewer_entry_f, uniq_sigmund,
          uniq_grinder, uniq_crazy_yiuf_cottage
D:4:      layout_basic, nicolae_gozag_cash_rules_everything_around_me,
          nicolae_inconvenience_store, corexii_checkpoint_a, uniq_natasha,
          uniq_ijyb, uniq_robin
D:5:      layout_gridville, old_standard_altar,
          nemelex_xobeh_ov_fountains_minmay, bh_walls_and_bars
D:6:      layout_loops_ring, serial_shops, nicolae_shop_statue_plus,
          nicolae_shop_stone, nicolae_shop_competitors_out_of_business,
          uniq_menkaure
D:7:      layout_cave_pods, mainiacjoe_overflow_catwalk, lemuel_tele_altar,
          minmay_temple_entry_steel_oval
D:8:      layout_rooms, due_lair_maze_entry_diamond, gammafunk_ghost_arena,
          serial_shops, nicolae_shop_hallway_plus, uniq_erica
Lair:1:   layout_concentric_octagons, patterned_corridor, lemuel_fruit_fields,
          uniq_sonja, uniq_amaemon

Skill      XL: |  1  2  3  4  5  6  7  8  9 10 |
---------------+-------------------------------+-----
Axes           | 4 5 6 7 8 10 12 14 15 | 15.8
Armour         | 3 4 6 7 8 |  8.4
Fighting       | 5 6 8 9 |  9.1
Throwing       | 1 4 |  4.1
Dodging        | 4 |  4.6

Action                   |  1- 3 |  4- 6 |  7- 9 | 10-12 || total
-------------------------+-------+-------+-------+-------++-------
Melee: Hand axe          |    59 |   131 |    79 |       ||   269
       Headbutt          |     6 |    11 |    37 |    12 ||    66
       War axe           |       |       |   193 |    55 ||   248
       Punch             |       |       |     2 |     2 ||     4
       Morningstar       |       |       |       |     4 ||     4
Throw: Boomerang         |       |       |    43 |     8 ||    51
       Javelin           |       |       |       |     6 ||     6
Invok: Berserk           |     1 |     2 |    11 |     4 ||    18
       Trog's Hand       |       |     1 |       |       ||     1
       Brothers in Arms  |       |       |       |     2 ||     2
  Use: Scroll            |     6 |     4 |    11 |     6 ||    27
       Potion            |     1 |     1 |     2 |     4 ||     8
Armor: Animal skin       |     3 |       |       |       ||     3
       Plate armour      |     4 |    58 |   199 |    83 ||   344
       Leather armour    |     4 |       |       |       ||     4
Dodge: Dodged            |    30 |    38 |   107 |    45 ||   220

Table legend:
 A = Non-vault XP
 B = Vault XP
 C = Vault XP percentage of total XP
 D = Non-vault monster count
 E = Vault monster count
 F = Vault count percentage of total count
                 A         B        C        D         E       F
            +---------+---------+-------+---------+---------+-------
      Total |    8340 |    3903 |  31.9 |     155 |      63 |  28.9
            +---------+---------+-------+---------+---------+-------
        D:1 |      40 |       0 |   0.0 |      15 |       0 |   0.0
        D:2 |      34 |       4 |  10.5 |       6 |       2 |  25.0
        D:3 |      36 |     497 |  93.2 |      18 |       8 |  30.8
        D:4 |     196 |     110 |  35.9 |      18 |      15 |  45.5
        D:5 |     859 |       0 |   0.0 |      29 |       0 |   0.0
        D:6 |     460 |     169 |  26.9 |      12 |       1 |   7.7
        D:7 |    1610 |       0 |   0.0 |      21 |       0 |   0.0
        D:8 |     878 |    1738 |  66.4 |      19 |      10 |  34.5
     Lair:1 |    4227 |    1163 |  21.6 |      17 |       2 |  10.5
      Sewer |       0 |     222 | 100.0 |       0 |      25 | 100.0
            +---------+---------+-------+---------+---------+-------
